 Dungeon Crawl Stone Soup version 0.31-a0-851-g7ff8af7976 (webtiles) character file.

Game seed: 14875365246155031609

218 BritishOli the Trooper (level 5, 42/42 HPs)
             Began as a Demonspawn Fighter on Oct 6, 2023.
             Got out of the dungeon alive.
             The game lasted 00:01:13 (955 turns).

BritishOli the Trooper (Demonspawn Fighter)          Turns: 955, Time: 00:01:14

Health: 42/42      AC:  6    Str: 19    XL:     5   Next: 63%
Magic:  5/5        EV:  9    Int:  9    God:
Gold:   82         SH:  4    Dex: 12    Spells: 4/4 levels left

rFire   . . .        a - +0 war axe
rCold   . . .        c - +0 buckler
rNeg    . . .        b - +0 scale mail
rPois   .            (no helmet)
rElec   .            (no cloak)
rCorr   .            (no gloves)
SInv    .            (no boots)
Will    .....        (no amulet) Stlth
                     (no ring)
HPRegen 0.27/turn    (no ring)
MPRegen 0.09/turn

%: no passive effects
@: no status effects
A: hooves 1, spiny 1, weakness stinger 1, demonic touch 1
a: no special abilities


You escaped.
You visited 1 branch of the dungeon, and saw 2 of its levels.

You collected 82 gold pieces.

Inventory:

Hand Weapons
 a - a +0 war axe (weapon)
Armour
 b - a +0 scale mail (worn)
 c - a +0 buckler (worn)
Jewellery
 i - a ring of ice
Scrolls
 e - a scroll of poison {unknown}
 f - a scroll of vulnerability {unknown}
 h - a scroll of enchant armour {unknown}
 j - a scroll of brand weapon {unknown}
 k - a scroll of identify {unknown}
 l - a scroll of silence {unknown}
 m - a scroll of blinking {unknown}
 n - a scroll of amnesia {unknown}
Potions
 d - a potion of might
 g - a potion of attraction {unknown}
 o - 3 potions of curing {unknown}


   Skills:
 + Level 4.1 Fighting
 + Level 3.1 Axes
 + Level 3.6 Armour
 + Level 3.6 Shields


You had 4 spell levels left.
You didn't know any spells.
Your spell library contained the following spells:

 Spells                   Type           Power      Damage    Failure   Level
 Blink                    Tloc           0%         N/A       92%         2
 Lesser Beckoning         Tloc           0%         N/A       92%         2
 Momentum Strike          Conj/Tloc      0%         3d8       92%         2
 Dazzling Flash           Conj/Hex       0%         N/A       99%         3
 Agony                    Necr           0%         N/A       100%        5
 Silence                  Hex/Air        0%         N/A       100%        5


Dungeon Overview and Level Annotations

Branches:
Dungeon (2/15)

Altars:

Shops:
D:1 [


Innate Abilities, Weirdness & Mutations

You have large cloven feet.
You are partially covered in sharp spines.
You have a small tail.
Your touch may inflict minor irresistible damage on your foes.


Message History

You slash Sigmund! You tail-slap Sigmund.
Sigmund is heavily wounded.
Sigmund barely misses you.
You hit Sigmund. Your kick misses Sigmund.
Sigmund is almost dead.
Sigmund closely misses you.
You closely miss Sigmund. Your kick misses Sigmund.
Your tail-slap misses Sigmund.
Sigmund is almost dead.
Sigmund hits you but does no damage.
You hit Sigmund but do no damage. You kick Sigmund, but do no damage.
Sigmund is almost dead.
Sigmund completely misses you.
You closely miss Sigmund.
Sigmund is almost dead.
Sigmund closely misses you.
Sigmund is nearby!
You hit Sigmund but do no damage.
Sigmund is almost dead.
You block Sigmund's attack.
Sigmund is nearby!
You closely miss Sigmund. You tail-slap Sigmund.
You kill Sigmund!
Your Fighting skill increases to level 4!
Your Axes skill increases to level 3!
You have reached level 4!
You feel stronger.
Your demonic ancestry asserts itself...
Your hands begin to faintly glow with unholy energy.
You have reached level 5!
Your demonic ancestry asserts itself...
Sharp spines emerge from parts of your body.
You see here 8 stones.
There is a stone staircase leading up here.
You climb upwards.
There is a stone staircase leading down here.
Okay, then.
Okay, then.
There is an open door here.
There is a staircase leading out of the dungeon here.
You have escaped!

.##......##.###.................#
.###.....##...#####...#.#.#######
.........##..##≈≈≈##....#.#...#
.∩.#....###.##≈~P≈≈##.......#.#
^.......#####~~~.~≈~##..#.###.#
.##.......##≈~P.8.P~≈####.#...#
..#.......##≈~.....~~#....#.###
..#........8~.......~8....#.#
#######....+.P8.@.8P.'....#.#
..........#8~.......~8#...#.#
..........##≈~.....~≈###.##.#
.........###≈≈P.8.P≈≈#...##.#
...(..#######~~~.~~~##...)..#
..†...# #.##≈≈P≈~##....##)#
......# ##..##~≈≈##..##.##.#
..##### #....#####...##.##.#
....######.#### ###.......#


There were no monsters in sight!

Vanquished Creatures
  Sigmund (D:2)
  2 adders (D:2)
  3 dart slugs (D:1)
  3 endoplasms (D:1)
  3 giant cockroaches
  2 goblins
  A hobgoblin (D:1)
  2 quokkas
  3 ball pythons (D:1)
  4 bats (D:1)
  3 frilled lizards
  2 kobolds (D:1)
  13 rats
42 creatures vanquished.

Notes
Turn   | Place    | Note
-------+----------+-------------------------------------------
     0 | D:1      | BritishOli the Demonspawn Fighter began the quest for the
                  | Orb.
     0 | D:1      | Reached XP level 1. HP: 18/18 MP: 1/1
   115 | D:1      | Discovered your monstrous ancestry.
   115 | D:1      | Gained mutation: You have a small tail. [demonic ancestry]
   115 | D:1      | Reached XP level 2. HP: 17/24 MP: 2/2
   244 | D:1      | Found Gaympuv's Armour Boutique.
   479 | D:1      | Gained mutation: You have large cloven feet. [demonic
                  | ancestry]
   479 | D:1      | Reached XP level 3. HP: 29/29 MP: 3/3
   838 | D:2      | Noticed Sigmund
   850 | D:2      | Killed Sigmund
   851 | D:2      | Reached skill level 4 in Fighting
   851 | D:2      | Gained mutation: Your touch may inflict minor irresistible
                  | damage on your foes. [demonic ancestry]
   851 | D:2      | Reached XP level 4. HP: 32/37 MP: 4/4
   851 | D:2      | Gained mutation: You are partially covered in sharp spines.
                  | [demonic ancestry]
   851 | D:2      | Reached XP level 5. HP: 36/42 MP: 5/5
   955 | D:$      | Got out of the dungeon alive.

Illustrated notes

Levels and vault maps discovered:
D:1:      lightli_arrival_statuegarden, layout_basic, serial_shops,
          nicolae_shop_stone, minmay_misc_feat_diagonals,
          minmay_rat_gold_closets
D:2:      layout_loops_ring, basic_altar, uniq_sigmund

Skill      XL: |  1  2  3 |
---------------+----------+-----
Axes           | 2 3 |  3.1
Armour         | 3 |  3.6
Shields        | 3 |  3.6
Fighting       | 4 |  4.1

Action                     |  1- 3 |  4- 6 || total
---------------------------+-------+-------++-------
  Melee: War axe           |   103 |       ||   103
         Tailslap          |     8 |       ||     8
         Kick              |     9 |       ||     9
 Armour: Scale mail        |    59 |       ||    59
  Dodge: Dodged            |    37 |       ||    37
  Block: Buckler           |    32 |       ||    32

Table legend: (Time is in decaauts)
 A = Elapsed time spent in this place.
 B = Non-inter-level travel time spent in this place.
 C = Inter-level travel time spent in this place.
 D = Time resting spent in this place.
 E = Time spent auto-exploring this place.
 F = Levels seen in this place.
 G = Mean time per level.
                   A        B        C        D        E       F      G
               +--------+--------+--------+--------+--------+-----+--------+
         Total |   1000 |    863 |    137 |      0 |    597 |   2 |  500.0 |
       Dungeon |   1000 |    863 |    137 |      0 |    597 |   2 |  500.0 |
               +--------+--------+--------+--------+--------+-----+--------+

Top non-repeatable levels by time:
     D:1: 742 daAuts
     D:2: 258 daAuts
